 Dungeon Crawl Stone Soup version 0.19-a0-1490-g5dd3618 (webtiles) character file.

191 mmcf the Slasher (level 5, -7/42 HPs)
             Began as a Demonspawn Monk on Sept 8, 2016.
             Mangled by Pikel
             ... wielding a +2 whip of freezing
              (13 damage)
             ... on level 4 of the Dungeon.
             The game lasted 00:11:44 (4374 turns).

mmcf the Slasher (Demonspawn Monk)                  Turns: 4374, Time: 00:11:44

Health: -7/42      AC:  6    Str: 12    XL:     5   Next: 42%
Magic:  5/5        EV: 14    Int: 11    God:
Gold:   152        SH:  0    Dex: 16    Spells: 0 memorised, 4 levels left

rFire  . . .     SeeInvis .     a - +0 falchion
rCold  . . .     Gourm    .     m - +1 leather armour
rNeg   . . .     Faith    .     (no shield)
rPois  .         Spirit   .     (no helmet)
rElec  .         Dismiss  .     (no cloak)
rCorr  .         Reflect  .     (no gloves)
MR     .....     Harm     .     (no boots)
Stlth  ++........               (no amulet)
                                (no ring)
                                f - +1 ring of evasion

@: no status effects
A: talons 2, slimy green scales 1
a: no special abilities


You were on level 4 of the Dungeon.
You were hungry.

You visited 1 branch of the dungeon, and saw 4 of its levels.

You collected 152 gold pieces.

Inventory:

Hand Weapons
 a - a +0 falchion (weapon)
 q - a +0 blowgun
Missiles
 r - 5 curare-tipped needles
Armour
 b - a +0 robe
 m - a +1 leather armour (worn)
Jewellery
 f - a +1 ring of evasion (left hand)
Scrolls
 e - 2 scrolls of identify
 g - a scroll of recharging
 i - 2 scrolls of enchant armour
 k - a scroll of immolation {unknown}
Potions
 j - 2 potions of curing
 o - 2 potions of haste
 p - a potion of brilliance {unknown}
 t - a potion of cure mutation {unknown}
 u - a potion of heal wounds {unknown}
Comestibles
 c - 5 bread rations
 d - 2 beef jerkies
 l - 7 fruits
 n - a slice of pizza


   Skills:
 + Level 3.7 Fighting
 + Level 4.3 Long Blades
 - Level 1.0 Armour
 + Level 3.7 Dodging
 - Level 1.7 Stealth


You had 4 spell levels left.
You didn't know any spells.

Dungeon Overview and Level Annotations

Branches:
Dungeon (4/15)
 Temple: D:4-7

Altars:
Hepliaklqana
Nemelex Xobeh
Qazlal
Uskayaw
Vehumet

Annotations:
D:3 Tux's ghost, amateur FoFi
D:4 Eustachio; Pikel


Innate Abilities, Weirdness & Mutations

You have razor-sharp toenails.
You are partially covered in slimy green scales. (AC +2)


Message History

Pikel hits you but does no damage. Pikel hits you with a whip of freezing!
* * * LOW HITPOINT WARNING * * *
Pikel freezes you.
* * * LOW HITPOINT WARNING * * *
You hit Pikel but do no damage. Your kick misses Pikel.
Pikel is lightly wounded.
Pikel hits you but does no damage.
You closely miss Pikel.
Pikel is lightly wounded.
Pikel completely misses you.
You riposte.
You miss Pikel.
Pikel is lightly wounded.
Pikel hits you but does no damage.
Pikel rages.
Pikel completely misses you.
You riposte.
You barely miss Pikel. You claw Pikel, but do no damage.
Pikel is lightly wounded.
Pikel closely misses you.
You riposte.
You hit Pikel but do no damage.
Pikel is lightly wounded.
Pikel hits you with a whip of freezing!
You die...

.## ##.........### .
#.###..###.....# .
##.#.#.# ###.### ##.
###.##.# #.# #p# .......#
#.# #p. ###.#### ##'## #p#
###.# ##...## #.# ....#
##.....#######p# ##.##
##.......@Kp.pp.##
#...####.........#......##
.......+.........+.......#
#...####.........#......##
##.## ##........#.....##
....# ##.....#.##...##
###.# ##...##.###..# # .#
##'###......# # .# #.#
#####.##


You could see Pikel (berserk) and 4 slaves.

Vanquished Creatures
  Ijyb (D:2)
  A worker ant (D:4)
  3 adders
  A shadow imp (D:3)
  3 worms
  4 dart slugs (D:1)
  7 giant geckos
  2 giant cockroaches
  6 goblins
  9 hobgoblins
  13 jackals
  4 quokkas
  9 bats
  2 giant newts
  11 kobolds
  11 rats
87 creatures vanquished.

Vanquished Creatures (others)
  2 jackals (D:1)
2 creatures vanquished.

Grand Total: 89 creatures vanquished

Notes
Turn   | Place    | Note
-------+----------+-------------------------------------------
     0 | D:1      | mmcf the Demonspawn Monk began the quest for the Orb.
     0 | D:1      | Reached XP level 1. HP: 18/18 MP: 1/1
    97 | D:1      | Reached skill level 3 in Long Blades
   105 | D:1      | Gained mutation: You have sharp toenails. [demonic ancestry]
   105 | D:1      | Reached XP level 2. HP: 24/24 MP: 2/2
   737 | D:1      | Gained mutation: You are partially covered in slimy green scales. (AC +2) [demonic ancestry]
   737 | D:1      | Reached XP level 3. HP: 21/29 MP: 3/3
  1626 | D:3      | Reached XP level 4. HP: 35/35 MP: 4/4
  1629 | D:2      | Noticed an earth elemental
  1631 | D:2      | Found a stormy altar of Qazlal.
  1632 | D:2      | Noticed an air elemental
  1632 | D:2      | Noticed a water elemental
  1632 | D:2      | Noticed a fire elemental
  1820 | D:2      | Found a radiant altar of Vehumet.
  1824 | D:2      | Found a hazy altar of Hepliaklqana.
  1828 | D:2      | Found a sparkling altar of Nemelex Xobeh.
  2040 | D:2      | Noticed Ijyb
  2057 | D:2      | Killed Ijyb
  2568 | D:2      | Reached skill level 4 in Long Blades
  2589 | D:2      | Reached skill level 1 in Armour
  2788 | D:3      | Gained mutation: You have razor-sharp toenails. [demonic ancestry]
  2788 | D:3      | Reached XP level 5. HP: 27/41 MP: 5/5
  3130 | D:3      | Noticed Tux's ghost (amateur FoFi)
  4023 | D:4      | Found a hide-covered altar of Uskayaw.
  4062 | D:4      | Noticed Eustachio
  4356 | D:4      | Noticed a slave
  4357 | D:4      | Noticed Pikel
  4358 | D:4      | Noticed a slave
  4360 | D:4      | Noticed a slave
  4364 | D:4      | Noticed a slave
  4374 | D:4      | Mangled by Pikel

Vault maps used:
D:1:      dpeg_arrival_renting, lemuel_old_faithful
D:2:      grunt_temple_overflow_open, nicolae_qazlal_style_of_elements,
          uniq_iyjb
D:3:      first_bread
D:4:      okawaru_altar_gauntlet_db, nicolae_overflow_hidden_temple,
          st_stairs_12, nicolae_gozag_cash_rules_everything_around_me,
          uniq_pikel, uniq_eustachio

Skill      XL: |  1  2  3  4 |
---------------+-------------+-----
Long Blades    | 3 4 |  4.3
Dodging        | 3 |  3.7
Armour         | 1 |  1.0
Fighting       | |  3.7
Stealth        | |  1.7

Action                   |  1- 3 |  4- 6 || total
-------------------------+-------+-------++-------
Melee: Falchion          |   176 |   254 ||   430
       Kick              |    34 |    69 ||   103
  Use: Scroll            |     1 |     4 ||     5
 Stab: Sleeping          |     4 |     3 ||     7
  Eat: Chunk             |     2 |     8 ||    10
       Fruit             |       |     1 ||     1
Armor: Robe              |    10 |       ||    10
       Leather armour    |     6 |    33 ||    39
Dodge: Dodged            |    90 |   158 ||   248
